 Dungeon Crawl Stone Soup version 0.31-a0-200-gbc41564c69 (webtiles) character file.

Game seed: 10895608987414047279

51 qw the Shooter (level 3, -1/20 HPs)
             Began as a Deep Elf Hunter on June 25, 2023.
             Slain by a goblin
             ... wielding a +0 club
             ... led by Robin
              (4 damage)
             ... on level 2 of the Dungeon.
             The game lasted 00:00:24 (808 turns).

qw the Shooter (Deep Elf Hunter)                     Turns: 808, Time: 00:00:25

Health: -1/20      AC:  5    Str: 10    XL:     3   Next: 58%
Magic:  5/5        EV: 11    Int: 13    God:
Gold:   25         SH:  0    Dex: 18    Spells: 2/2 levels left

rFire   . . .        Y - +0 shortbow
rCold   . . .        (shield currently unavailable)
rNeg    . . .        b - +0 ring mail
rPois   +            (no helmet)
rElec   .            (no cloak)
rCorr   .            (no gloves)
SInv    .            (no boots)
Will    .....        (no amulet)
Stlth   +            d - ring of poison resistance
HPRegen 0.23/turn    (no ring)
MPRegen 0.09/turn

%: no passive effects
@: no status effects
A: no striking features
a: no special abilities


You were on level 2 of the Dungeon.
You visited 1 branch of the dungeon, and saw 2 of its levels.

You collected 25 gold pieces.


   Skills:
 - Level 1.5 Fighting
 + Level 7.1 Ranged Weapons
 - Level 2.4 Dodging
 - Level 1.2 Stealth


You had 2 spell levels left.
You didn't know any spells.
Your spell library was empty.

Inventory:

Hand Weapons
 Y - a +0 shortbow (weapon)
Armour
 b - a +0 ring mail (worn)
Jewellery
 d - a ring of poison resistance (left hand)
Scrolls
 a - 3 scrolls of fog {unknown}
Potions
 c - a potion of cancellation {unknown}

Dungeon Overview and Level Annotations

Branches:
Dungeon (2/15)

Altars:

Annotations:
D:2 Robin


Message History

A goblin comes into view. It is wielding a +0 club.
You shoot an arrow. The arrow barely misses the goblin.
The goblin misses you. x2
You shoot an arrow. The arrow hits the goblin!
You kill the goblin!
The goblin misses you.
You shoot an arrow. The arrow barely misses the goblin.
The goblin barely misses you.
Robin says, "Feeling lonely?"
The goblin closely misses you. The goblin hits you but does no damage.
The goblin hits you with a +0 club.
You shoot an arrow. The arrow closely misses the goblin.
The goblin misses you. The goblin closely misses you.
You shoot an arrow.
The arrow hits the goblin but does no damage.
The goblin hits you but does no damage. The goblin hits you with a +0 club.
You shoot an arrow. The arrow closely misses the goblin.
The goblin hits you with a +0 dagger. The goblin hits you but does no damage.
You shoot an arrow. The arrow hits the goblin.
The goblin is severely wounded.
The goblin hits you but does no damage.
Robin says, "My goblins will feast on your bones."
The goblin closely misses you. The goblin hits you but does no damage.
The goblin barely misses you.
You shoot an arrow. The arrow barely misses the goblin.
The goblin no longer looks unusually strong.
The goblin hits you with a +0 dagger. The goblin hits you with a +0 club.
You shoot an arrow. The arrow hits the goblin.
You kill the goblin!
The goblin closely misses you.
You shoot an arrow. The arrow hits the goblin.
The goblin is heavily wounded.
Robin says, "Duck!"
The goblin hits you with a +0 club. The goblin barely misses you.
You shoot an arrow.
The arrow hits the goblin but does no damage.
The goblin is heavily wounded.
The goblin no longer looks unusually strong.
The goblin hits you but does no damage. The goblin hits you with a +0 club.
You die...

#....##
######.%########
#####?...#
......<.#
....).###.#
#######.#
####### # #.#
#.# #.# #.#
######.#
#g@....#
#g###### #g #g
#. #. .. ##


You could see Robin and 3 goblins.

Vanquished Creatures
  A worm (D:2)
  3 dart slugs
  7 ball pythons
  3 bats
  An endoplasm (D:1)
  A giant cockroach (D:2)
  6 goblins
  4 hobgoblins
  2 jackals (D:2)
  A quokka (D:1)
  A frilled lizard (D:2)
  4 kobolds (D:1)
  4 rats
38 creatures vanquished.

Notes
Turn   | Place    | Note
-------+----------+-------------------------------------------
     0 | D:1      | qw the Deep Elf Hunter began the quest for the Orb.
     0 | D:1      | Reached XP level 1. HP: 12/12 MP: 3/3
     0 | D:1      | 0 ||| qw: Version: 0.3-a-22-g0ed2b0b
     0 | D:1      | 0 ||| qw: Game counter: 5640
     0 | D:1      | 0 ||| qw: Melee chars always use a shield: true
     0 | D:1      | 0 ||| qw: God list: Okawaru
     0 | D:1      | 0 ||| qw: Allow faded altars: false
     0 | D:1      | 0 ||| qw: Do Orc after clearing Dungeon:15 true
     0 | D:1      | 0 ||| qw: Do second Lair branch before Depths: true
     0 | D:1      | 0 ||| qw: Lair rune preference: random
     0 | D:1      | 0 ||| qw: Goals: Normal
     0 | D:1      | 0 ||| PLANNING D:1-11
   116 | D:1      | Reached XP level 2. HP: 16/16 MP: 4/4
   127 | D:1      | Reached skill level 6 in Ranged Weapons
   253 | D:1      | You fall into a shaft and drop 1 floor!
   275 | D:2      | 275 ||| READING scroll labelled QELUSE BEUNK.
   276 | D:2      | 276 ||| DROPPING scroll of butterflies.
   321 | D:1      | Found a faded altar of an unknown god.
   358 | D:1      | Reached XP level 3. HP: 20/20 MP: 5/5
   567 | D:1      | 567 ||| UPGRADING to +0 ring mail.
   577 | D:1      | 577 ||| DROPPING +0 leather armour.
   578 | D:1      | 578 ||| UPGRADING to ring of poison resistance.
   579 | D:1      | 579 ||| READING scroll labelled KEUQAZ OTIL.
   703 | D:2      | Reached skill level 7 in Ranged Weapons
   793 | D:2      | Noticed Robin
   803 | D:2      | HP: 5/20 [goblin/+0 dagger[Robin] (2)]
   807 | D:2      | HP: 2/20 [goblin/+0 club[Robin] (2)]
   808 | D:2      | Slain by a goblin

Levels and vault maps discovered:
D:1:      dpeg_arrival_three_same_balls, layout_basic,
          shapermc_ecumenical_altar_mp_urbaneastern, hex_medium
D:2:      layout_loops_ring, serial_glass, glass_columns_a, glass_columns_a,
          glass_columns_a, glass_columns_a, item_on_display_a,
          due_unseen_surprise, feat_on_display, item_on_display_a, serial_shops,
          nicolae_shop_waterfront, kennysheep_generic_room_5, uniq_robin

Skill      XL: |  1  2  3 |
---------------+----------+-----
Ranged Weapons | 6 7 |  7.1
Fighting       | |  1.5
Dodging        | |  2.4
Stealth        | |  1.2

Action                     || total
---------------------------++-------
   Fire: Shortbow          ||   108
    Use: Scroll            ||     2
 Armour: Leather armour    ||     6
         Ring mail         ||    10
  Dodge: Dodged            ||    31

Table legend:
 A = Non-vault XP
 B = Vault XP
 C = Vault XP percentage of total XP
 D = Non-vault monster count
 E = Vault monster count
 F = Vault count percentage of total count
                 A         B        C        D         E       F
            +---------+---------+-------+---------+---------+-------
      Total |      68 |       6 |   8.1 |      34 |       4 |  10.5
            +---------+---------+-------+---------+---------+-------
        D:1 |      43 |       0 |   0.0 |      23 |       0 |   0.0
        D:2 |      25 |       6 |  19.4 |      11 |       4 |  26.7
            +---------+---------+-------+---------+---------+-------
